 Dungeon Crawl Stone Soup version 0.28-a0-1212-gc6b4282bc0 (webtiles) character file.

Game seed: 13532063279886335352

77 ChaosChampion the Ruffian (level 4, -3/35 HPs)
             Began as a Draconian Transmuter on Dec 21, 2021.
             Slain by Natasha (4 damage)
             ... on level 2 of the Dungeon.
             The game lasted 00:01:51 (2147 turns).

ChaosChampion the Ruffian (Draconian Transmuter)    Turns: 2147, Time: 00:01:51

Health: -3/35      AC:  6    Str: 13    XL:     4   Next: 14%
Magic:  7/7        EV: 12    Int: 15    God:
Gold:   18         SH:  0    Dex: 11    Spells: 1/7 levels left

rFire   . . .      SeeInvis .     - Unarmed
rCold   . . .      Faith    .   (no shield)
rNeg    . . .      Spirit   .   (armour unavailable)
rPois   .          Reflect  .   (helmet currently unavailable)
rElec   .          Harm     .   (no cloak)
rCorr   .          Rampage  .   c - +0 pair of gloves
Will    .....                   (boots currently unavailable)
Stlth   +.........              e - amulet of magic regeneration
HPRegen 0.11/turn               (no ring)
MPRegen 0.50/turn               (no ring)

@: appendages
A: horns 2, talons 2, AC +5, unfitting armour, cold-blooded
a: End Transformation


You were on level 2 of the Dungeon.
You had temporarily grown beastly horns and talons.
You visited 1 branch of the dungeon, and saw 2 of its levels.

You collected 18 gold pieces.

Inventory:

Armour
 c - a +0 pair of gloves (worn)
Jewellery
 e - an amulet of magic regeneration (around neck)
Scrolls
 b - 2 scrolls of teleportation {unknown}
Potions
 a - a potion of curing {unknown}
 d - a potion of flight {unknown}
 f - a potion of attraction {unknown}


   Skills:
 - Level 1.1 Fighting
 - Level 1.7 Dodging
 * Level 4.4 Unarmed Combat
 - Level 2.0 Spellcasting
 + Level 3.0 Transmutations


You had one spell level left.
You knew the following spells:

 Your Spells              Type           Power      Damage    Failure   Level
a - Beastly Appendage     Tmut           20%        N/A       6%          1
b - Wereblood             Tmut           10%        N/A       10%         2
c - Spider Form           Tmut/Pois      6%         N/A       34%         3

Your spell library contained the following spells:

 Spells                   Type           Power      Damage    Failure   Level
 Summon Small Mammal      Summ           4%         N/A       22%         1
 Call Canine Familiar     Summ           1%         N/A       54%         3
 Summon Guardian Golem    Hex/Summ       1%         N/A       54%         3
 Ice Form                 Ice/Tmut       6%         N/A       75%         4


Dungeon Overview and Level Annotations

Branches:
Dungeon (2/15)

Altars:

Shops:
D:1 ?

Annotations:
D:2 Natasha, Sigmund


Innate Abilities, Weirdness & Mutations

You have temporarily grown beastly horns and talons.
Your plain brown scales are hard. (AC +5)
You cannot fit into any form of body armour.
You are cold-blooded and may be slowed by cold attacks.


Message History

You grow a pair of large bovine horns.
Your feet morph into talons.
Natasha mumbles some strange words.
You hit Natasha. Your kick misses Natasha. Your headbutt misses Natasha.
Natasha is severely wounded.
Natasha claws you. The crimson imp closely misses you.
You miss Natasha. Your kick misses Natasha.
Natasha is severely wounded.
The shadow imp closely misses you. Natasha barely misses you.
The crimson imp misses you.
You closely miss Natasha. Your kick misses Natasha. You headbutt Natasha.
Your tail-slap misses Natasha.
Natasha is severely wounded.
The shadow imp hits you but does no damage.
Natasha claws you. The crimson imp misses you.
You hit Natasha but do no damage. Your kick misses Natasha.
Natasha is severely wounded.
The shadow imp gestures at you. Pain shoots through your body!
Natasha claws you.
* * * LOW HITPOINT WARNING * * *
The crimson imp hits you.
* * * LOW HITPOINT WARNING * * *
You closely miss Natasha.
Natasha is severely wounded.
The shadow imp gestures at you. Pain shoots through your body!
* * * LOW HITPOINT WARNING * * *
Natasha claws you.
* * * LOW HITPOINT WARNING * * *
The crimson imp hits you but does no damage.
You closely miss Natasha. You claw Natasha.
Natasha is almost dead.
The shadow imp barely misses you.
Natasha stares at you and mumbles some strange words.
You resist with some effort.
The crimson imp sputters.
The crimson imp barely misses you.
You hit Natasha.
Natasha is almost dead.
The shadow imp completely misses you. Natasha claws you.
You die...

### .....#
..... #....#
.....
.#####....####
.##..
...........)#
.#
#..........#
...
.###.........
$....
........5.#
@...#
###@h.###
.....
#.5.....#
.##.#
###.##.##.# .
#...##.# # ##
#......# .##.#
#...##.# #
.....
#....#.##.
.###
#.#....... .#
#.##.#.###


You could see Natasha, a crimson imp (summoned) and a shadow imp (summoned).

Vanquished Creatures
  Jessica (D:2)
  2 adders (D:2)
  An adder skeleton (D:2)
  2 worms (D:2)
  A dart slug (D:1)
  4 ball pythons
  2 bats (D:1)
  3 endoplasms
  2 goblins (D:2)
  2 hobgoblins
  A frilled lizard (D:2)
  2 kobolds (D:1)
  2 rats
25 creatures vanquished.

Notes
Turn   | Place    | Note
-------+----------+-------------------------------------------
     0 | D:1      | ChaosChampion the Draconian Transmuter began the quest for
                  | the Orb.
     0 | D:1      | Reached XP level 1. HP: 16/16 MP: 3/3
   522 | D:1      | Reached XP level 2. HP: 23/23 MP: 3/5
   749 | D:1      | Found a faded altar of an unknown god.
   800 | D:1      | Learned a level 2 spell: Wereblood
   900 | D:1      | Found Neghaf's Magic Scroll Boutique.
  1088 | D:2      | Noticed Sigmund
  1578 | D:2      | Reached XP level 3. HP: 28/28 MP: 3/6
  1638 | D:2      | Reached skill level 4 in Unarmed Combat
  1678 | D:2      | Noticed Jessica
  1689 | D:2      | Killed Jessica
  1693 | D:2      | Reached XP level 4. HP: 15/35 MP: 4/7
  2116 | D:2      | Learned a level 3 spell: Spider Form
  2132 | D:2      | Noticed Natasha
  2145 | D:2      | HP: 1/35 [Natasha (1)]
  2147 | D:2      | Slain by Natasha

Illustrated notes

Levels and vault maps discovered:
D:1:      matt_arrival_los_fun, layout_loops_corners, serial_shops, shop,
          shapermc_ecumenical_altar_hornbeckon
D:2:      layout_loops_cross, uniq_natasha, uniq_jessica, uniq_sigmund

Skill      XL: |  1  2  3  4 |
---------------+-------------+-----
Unarmed Combat | 4 |  4.4
Transmutations | 3 |  3.0
Fighting       | |  1.1
Dodging        | |  1.7
Spellcasting   | |  2.0

Action                   |  1- 3 |  4- 6 || total
-------------------------+-------+-------++-------
Melee: Unarmed           |    67 |    25 ||    92
       Tailslap          |     3 |     1 ||     4
       Punch             |     1 |       ||     1
       Kick              |     4 |     2 ||     6
       Headbutt          |     1 |     2 ||     3
 Cast: Beastly Appendage |    10 |     4 ||    14
       Wereblood         |     5 |     1 ||     6
 Stab: Sleeping          |     1 |       ||     1
Armor: Skin              |    20 |     7 ||    27
Dodge: Dodged            |    31 |    11 ||    42

Table legend: (Time is in decaauts)
 A = Elapsed time spent in this place.
 B = Non-inter-level travel time spent in this place.
 C = Inter-level travel time spent in this place.
 D = Time resting spent in this place.
 E = Time spent auto-exploring this place.
 F = Levels seen in this place.
 G = Mean time per level.
                   A        B        C        D        E       F      G
               +--------+--------+--------+--------+--------+-----+--------+
         Total |   2148 |   2133 |     15 |      0 |   1860 |   2 | 1074.0 |
       Dungeon |   2148 |   2133 |     15 |      0 |   1860 |   2 | 1074.0 |
               +--------+--------+--------+--------+--------+-----+--------+

Top non-repeatable levels by time:
     D:1: 1078 daAuts
     D:2: 1070 daAuts
